 Dungeon Crawl Stone Soup version 0.22-a0-447-gee5f723 (webtiles) character file.

79 xccam the Ruffian (level 4, 0/37 HPs)
             Began as a Draconian Transmuter on June 3, 2018.
             Slain by an orc (2 damage)
             ... on level 3 of the Dungeon.
             The game lasted 00:04:52 (2118 turns).

xccam the Ruffian (Draconian Transmuter)            Turns: 2118, Time: 00:04:53

Health: 0/37       AC:  6    Str: 21    XL:     4   Next: 16%
Magic:  3/8        EV: 12    Int: 13    God:
Gold:   140        SH:  0    Dex:  9    Spells: 5/8 levels left

rFire    . . .     SeeInvis .     - Unarmed
rCold    . . .     Gourm    .   (no shield)
rNeg     . . .     Faith    .   (armour unavailable)
rPois    .         Spirit   .   (helmet restricted)
rElec    .         Reflect  .   (no cloak)
rCorr    .         Harm     .   (no gloves)
MR       .....                  d - +0 pair of boots
Stlth    +.........             g - amulet of inaccuracy (curse)
HPRegen  0.12/turn              (no ring)
MPRegen  0.11/turn              (no ring)

@: mighty, berserk cooldown, hasted and slowed
A: unfitting armour, clumsy 1, strong 1, cold-blooded, AC +5
a: no special abilities


You were on level 3 of the Dungeon.
You were hungry.

You visited 1 branch of the dungeon, and saw 3 of its levels.

You collected 140 gold pieces.

Inventory:

Missiles
 a - 58 arrows
Armour
 d - a +0 pair of boots (worn)
Jewellery
 g - a cursed amulet of inaccuracy (around neck)
Scrolls
 e - a scroll of teleportation
Comestibles
 c - 3 rations


   Skills:
 + Level 2.3 Fighting
 - Level 1.7 Dodging
 + Level 3.5 Unarmed Combat
 + Level 2.6 Spellcasting
 + Level 2.8 Transmutations


You had 5 spell levels left.
You knew the following spells:

 Your Spells              Type           Power        Failure   Level  Hunger
a - Beastly Appendage     Tmut           #.....       8%          1    #......
b - Sticks to Snakes      Tmut           #.......     12%         2    ###....

Your spell library contained the following spells:

 Spells                   Type           Power        Failure   Level  Hunger
 Spider Form              Tmut/Pois      #.........   38%         3    ###....
 Blade Hands              Tmut           #.........   91%         5    ######.
 Ice Form                 Ice/Tmut       #.......     80%         4    #####..


Dungeon Overview and Level Annotations

Branches:
Dungeon (3/15)

Altars:
Ashenzari


Innate Abilities, Weirdness & Mutations

Your plain brown scales are hard. (AC +5)
You cannot fit into any form of body armour.
You are cold-blooded and may be slowed by cold attacks.
You are clumsy. (Dex -2)
Your muscles are strong. (Str +2)


Message History

You miss something.
The orc shouts!
Your tail-slap misses something.
You feel less confused.
An orc priest comes into view.
You feel extremely strange.
You feel stable.
Your wings shrivel and weaken.
You feel clumsy.
You feel stronger. The orc closely misses you. Something hits you.
Unknown command.
You miss something.
An adder comes into view.
Something hits you but does no damage. The orc closely misses you.
Unknown command.
You barely miss something.
The orc priest mumbles some strange prayers to Beogh against you.
Beogh smites you!
* * * LOW HITPOINT WARNING * * *
The orc hits you.
You die...

####.###.###
#.# ..# #.##
#.# #.r## ..
##.o# #..
##r# #.. #.#
#r####
#r{@.#
....)..o)o#
...#..?.#.o#
. #....##...
#......
.o...
#..##..
#.o... #..#
##.. ..###
#S. .. ..#


You could see an orc priest, an adder (wandering), 4 orcs, a quokka and a rat.

Vanquished Creatures
  An ooze (D:1)
  2 dart slugs (D:1)
  4 leopard geckos (D:1)
  An orc (D:3)
  2 giant cockroaches (D:1)
  2 goblins (D:1)
  10 hobgoblins
  3 jackals (D:2)
  A ball python (D:2)
  3 bats
  3 frilled lizards
  6 kobolds (D:1)
  10 rats
48 creatures vanquished.

Vanquished Creatures (collateral kills)
  2 adders (D:2)
  A dart slug (D:2)
  A hobgoblin (D:2)
  4 jackals (D:2)
8 creatures vanquished.

Grand Total: 56 creatures vanquished

Notes
Turn   | Place    | Note
-------+----------+-------------------------------------------
     0 | D:1      | xccam the Draconian Transmuter began the quest for the Orb.
     0 | D:1      | Reached XP level 1. HP: 16/16 MP: 3/3
   281 | D:1      | Reached XP level 2. HP: 17/23 MP: 5/5
   537 | D:1      | Reached XP level 3. HP: 22/29 MP: 4/6
  1022 | D:1      | Learned a level 2 spell: Sticks to Snakes
  1685 | D:2      | Reached XP level 4. HP: 22/36 MP: 4/7
  1951 | D:2      | Found a shattered altar of Ashenzari.
  2098 | D:3      | Gained mutation: You are occasionally teleported next to monsters. [potion of mutation]
  2098 | D:3      | Gained mutation: Your large and strong wings let you fly indefinitely. [potion of mutation]
  2116 | D:3      | Lost mutation: You are occasionally teleported next to monsters. [potion of mutation]
  2116 | D:3      | Lost mutation: Your large and strong wings let you fly indefinitely. [potion of mutation]
  2116 | D:3      | Gained mutation: You are clumsy. (Dex -2) [potion of mutation]
  2116 | D:3      | Gained mutation: Your muscles are strong. (Str +2) [potion of mutation]
  2118 | D:3      | Slain by an orc

Vault maps used:
D:1:      dpeg_arrival_boxorama, minmay_ruptured
D:2:      lemuel_doored_altar, first_ration
D:3:      minmay_misc_feat_iff

Skill      XL: |  1  2  3 |
---------------+----------+-----
Fighting       | 2 |  2.3
Dodging        | |  1.7
Unarmed Combat | |  3.5
Spellcasting   | |  2.6
Transmutations | |  2.8

Action                   |  1- 3 |  4- 6 || total
-------------------------+-------+-------++-------
Melee: Unarmed           |   208 |    30 ||   238
       Tailslap          |    14 |     1 ||    15
       Punch             |     2 |       ||     2
       Kick              |     3 |       ||     3
       Headbutt          |     1 |     3 ||     4
 Cast: Beastly Appendage |     5 |     2 ||     7
       Sticks to Snakes  |     4 |     4 ||     8
  Use: Scroll            |     4 |     1 ||     5
       Potion            |       |     5 ||     5
 Stab: Sleeping          |     1 |       ||     1
  Eat: Chunk             |     3 |     1 ||     4
Armor: Skin              |    56 |     9 ||    65
Dodge: Dodged            |   128 |    23 ||   151

Table legend:
 A = Spawn XP
 B = Non-spawn XP
 C = Spawn XP percentage of total XP
 D = Spawn monster count
 E = Non-spawn monster count
 F = Spawn count percentage of total count
 G = Total turns spent on level
                    A         B        C        D         E        F      G
               +---------+---------+-------+---------+---------+-------+---------
         Total |       0 |     113 |   0.0 |       0 |      56 |   0.0 |  2118
               +---------+---------+-------+---------+---------+-------+---------
           D:1 |       0 |      67 |   0.0 |       0 |      34 |   0.0 |  1273
           D:2 |       0 |      42 |   0.0 |       0 |      20 |   0.0 |   793
           D:3 |       0 |       4 |   0.0 |       0 |       2 |   0.0 |    52
               +---------+---------+-------+---------+---------+-------+---------
